 Dungeon Crawl Stone Soup version 0.31-a0-1074-g0b22e4e0f1 (webtiles) character file.

Game seed: 5544664000463149108

2082 Jeffwins the Mimic (level 9, -3/96 HPs)
             Began as a White Draconian Shapeshifter on Nov 26, 2023.
             Slain by a hornet (6 damage)
             ... on level 7 of the Dungeon.
             The game lasted 00:08:47 (6906 turns).

Jeffwins the Mimic (White Draconian Shapeshifter)   Turns: 6906, Time: 00:08:48

Health: -3/96      AC: 24    Str: 16    XL:     9   Next: 6%
Magic:  9/9        EV:  2    Int: 15    God:
Gold:   262        SH:  0    Dex: 11    Spells: 4/9 levels left

rFire   . .          .
                       - Unarmed
rCold   . . .        (no shield)
rNeg    . . .        (body armour unavailable)
rPois   +            (helmet currently unavailable)
rElec   .            t - melded +0 cloak
rCorr   .            (gloves currently unavailable)
SInv    .            (boots currently unavailable)
Will    .....        (no amulet)
Stlth   +            E - +5 ring of evasion
HPRegen 0.36/turn    (no ring)
MPRegen 0.11/turn

%: no passive effects
@: tree-form (expiring), slowed, very slow
A: stationary, stasis, torment immunity, boosted hp, (breathe frost), AC +7,
unfitting armour, (cold resistance 1), (cold-blooded)
a: no special abilities


You were on level 7 of the Dungeon.
You were a tree.
You visited 2 branches of the dungeon, and saw 8 of its levels.

You collected 322 gold pieces.
You spent 60 gold pieces at shops.


Innate Abilities, Weirdness & Mutations

You are a tree.
Your roots penetrate the ground, keeping you stationary.
You cannot be teleported.
You are immune to unholy pain and torment.
Your maximum health is greatly increased.
Your equipment is partially melded.
((You can breathe waves of freezing cold which knock back foes.))
((Your icy white scales are hard. (AC +7)))
You cannot fit into any form of body armour.
((Your flesh is cold resistant. (rC+)))
((You are cold-blooded and may be slowed by cold attacks.))


   Skills:
 + Level 1.5 Fighting
 - Level 2.0 Dodging
 + Level 0.7 Stealth
 * Level 3.4 Unarmed Combat
 + Level 0.5 Spellcasting
 * Level 1.3 Conjurations
 * Level 1.5 Ice Magic
 * Level 1.1 Air Magic
 + Level 5.0 Evocations
 * Level 9.7 Shapeshifting


You had 4 spell levels left.
You knew the following spells:

 Your Spells              Type           Power      Damage    Failure   Level
f - Freezing Cloud        Conj/Ice/Air   2%         6-21      99%         5

Your spell library contained the following spells:

 Spells                   Type           Power      Damage    Failure   Level
 Kiss of Death            Conj/Necr      8%         2d6       21%         1
 Poisonous Vapours        Pois/Air       4%         N/A       30%         2
 Mephitic Cloud           Conj/Pois/Air  2%         N/A       50%         3
 Confusing Touch          Hex            0%         N/A       61%         3
 Dispel Undead            Necr           0%         3d6       95%         4

Inventory:

Missiles
 l - 2 poisoned darts
Armour
 t - a +0 cloak (melded)
Jewellery
 E - a +5 ring of evasion (left branch)
Talismans
 b - a beast talisman
 c - a flux talisman (active)
Wands
 p - a wand of roots (2) (quivered)
 r - a wand of polymorph (4)
Scrolls
 d - 2 scrolls of fog
 h - 2 scrolls of revelation
 j - a scroll of enchant armour
 k - a scroll of teleportation {@r4}
 m - a scroll of blinking
 n - 3 scrolls of vulnerability {!r}
 o - a scroll of brand weapon
Potions
 a - a potion of lignification {!q}
 f - 2 potions of enlightenment {unknown}
 g - a potion of brilliance {unknown}
 i - 5 potions of curing {@q1}
 q - a potion of heal wounds {unknown}
 s - 2 potions of degeneration {unknown}

Dungeon Overview and Level Annotations

Branches:
Dungeon (7/15)             Temple (1/1) D:6

Altars:
Ashenzari
Cheibriados
Elyvilon
Fedhas
Hepliaklqana
Kikubaaqudgha
Makhleb
Okawaru
Qazlal
Sif Muna
Trog
Uskayaw
Vehumet
Xom
The Shining One

Shops:
D:3 * D:5

( #.##. ...#. .....
....( #### >^...
###...#.... .....
##.......... #..
###.♣y..(#.... #..
###..~†##.##.... #..
#.......#........ ##.
##..........y.....
....
###...................
##..#...............
####..##...........
###...............
#.................


You could see a hornet.


Message History

Unknown command.
You smack the hornet!
The hornet is heavily wounded.
The grasping roots constrict the hornet!
The grasping roots constrict something!
Reactivating autopickup.
You feel a bit more experienced.
You feel sick.
You are no longer poisoned.
The roots release their grip on the hornet.
The hornet stings you but does no damage. x2
Training target 2.0 for Dodging reached!
Your Dodging skill increases to level 2!
Your Air Magic skill increases to level 1!
Your Evocations skill increases to level 5!
You hit the hornet.
The hornet is almost dead.
The hornet stings you.
* * * LOW HITPOINT WARNING * * *
The hornet stings you but does no damage.
Unknown command.
You closely miss the hornet.
The hornet is almost dead.
You feel yourself speed up. The hornet stings you.
* * * LOW HITPOINT WARNING * * *
You feel yourself slow down. The hornet stings you!
* * * LOW HITPOINT WARNING * * *
The hornet stings you.
You die...

Skill      XL: |  1  2  3  4  5  6  7  8  9 |
---------------+----------------------------+-----
Shapeshifting  | 4 5 6 7 9 |  9.7
Evocations     | 1 4 5 |  5.0
Ice Magic      | 1 |  1.5
Conjurations   | 1 |  1.3
Dodging        | 2 |  2.0
Air Magic      | 1 |  1.1
Fighting       | |  1.5
Stealth        | |  0.7
Unarmed Combat | |  3.4
Spellcasting   | |  0.5

Action                     |  1- 3 |  4- 6 |  7- 9 || total
---------------------------+-------+-------+-------++-------
  Melee: Unarmed           |    85 |   290 |   200 ||   575
         Tailslap          |     4 |    42 |    30 ||    76
         Punch             |     1 |       |       ||     1
  Throw: Dart              |       |     2 |     2 ||     4
Ability: Breathe Frost     |       |       |     6 ||     6
  Evoke: Wand              |       |       |     2 ||     2
    Use: Potion            |     1 |     1 |     2 ||     4
         Scroll            |       |     7 |     2 ||     9
   Stab: Sleeping          |       |     1 |       ||     1
 Armour: Skin              |    48 |   167 |   140 ||   355
  Dodge: Dodged            |    52 |   210 |   183 ||   445
   Form: Flux              |       |     1 |       ||     1

Levels and vault maps discovered:
D:1:      dpeg_arrival_round_b, layout_basic, chequers_serial_rivers_micro_b,
          amcnicky_mini_corridor_feature, minmay_misc_feat_cross
D:2:      layout_basic, basic_altar
D:3:      corexii_shack_village, layout_basic, serial_shops,
          nicolae_shop_behind_doors
D:4:      layout_loops_cross, uniq_duvessa, uniq_eustachio
D:5:      layout_loops_ring, serial_shops, nicolae_shop_bloodbath_and_beyond,
          amcnicky_mini_rare_corridor_liquid
D:6:      layout_layer_cave, ashenzari_altar_1, nicolae_vehumet_radiance,
          minmay_temple_entry_statues_fountains, kennysheep_crisscross
D:7:      layout_cave_pools
Temple:   dshaligram_water_room_temple

Notes
Turn   | Place    | Note
-------+----------+-------------------------------------------
     0 | D:1      | Jeffwins the Draconian Shapeshifter began the quest for the
                  | Orb.
     0 | D:1      | Reached XP level 1. HP: 16/16 MP: 1/1
   163 | D:1      | Reached XP level 2. HP: 12/23 MP: 2/2
   478 | D:1      | Reached skill level 4 in Shapeshifting
   744 | D:2      | Reached XP level 3. HP: 15/28 MP: 3/3
   854 | D:2      | Found a hazy altar of Hepliaklqana.
   963 | D:2      | Reached XP level 4. HP: 33/35 MP: 4/4
  1204 | D:2      | Reached skill level 5 in Shapeshifting
  1467 | D:2      | Reached XP level 5. HP: 25/40 MP: 5/5
  1976 | D:3      | Noticed a black bear
  1990 | D:3      | Killed a black bear
  1991 | D:3      | Reached skill level 6 in Shapeshifting
  2159 | D:2      | Reached XP level 6. HP: 23/47 MP: 6/6
  2606 | D:3      | Found Mogein's Assorted Antiques.
  2614 | D:3      | Bought a scroll labelled CILIYCVEMNUN for 20 gold pieces
  2614 | D:3      | Bought a scroll labelled CILIYCVEMNUN for 20 gold pieces
  2614 | D:3      | Bought a scroll labelled WEPSIR ZOICK for 20 gold pieces
  3654 | D:4      | Reached skill level 7 in Shapeshifting
  4095 | D:4      | Reached skill level 1 in Evocations
  4146 | D:4      | Noticed Eustachio
  4164 | D:4      | Killed Eustachio
  4165 | D:4      | Your scales start taking on an icy white colour.
  4165 | D:4      | Reached XP level 7. HP: 52/52 MP: 7/7
  4165 | D:4      | Gained mutation: Your flesh is cold resistant. (rC+) [White
                  | Draconian growth]
  4172 | D:4      | Noticed Duvessa
  4177 | D:4      | Noticed Dowan
  4186 | D:4      | Killed Duvessa
  4187 | D:4      | Reached skill level 2 in Evocations
  4190 | D:4      | Killed Dowan
  4371 | D:5      | Entered Level 5 of the Dungeon
  4449 | D:5      | Reached skill level 8 in Shapeshifting
  4598 | D:5      | Noticed a two-headed ogre
  4638 | D:5      | Killed a two-headed ogre
  4639 | D:5      | Reached skill level 4 in Evocations
  4639 | D:5      | Reached skill level 9 in Shapeshifting
  4639 | D:5      | Reached XP level 8. HP: 27/59 MP: 8/8
  5280 | D:5      | Found Era Wos's Weapon Shoppe.
  5383 | D:6      | Learned a level 5 spell: Freezing Cloud
  5404 | D:6      | Found a broken altar of Ashenzari.
  5574 | D:6      | Found a staircase to the Ecumenical Temple.
  5594 | Temple   | Entered the Ecumenical Temple
  5820 | D:6      | Reached skill level 1 in Ice Magic
  5839 | D:6      | Found a radiant altar of Vehumet.
  5861 | D:6      | Reached skill level 1 in Conjurations
  6741 | D:7      | Reached XP level 9. HP: 58/64 MP: 9/9
  6890 | D:7      | Paralysed by a hornet for 1 turns
  6895 | D:7      | Paralysed by a hornet for 3 turns
  6905 | D:7      | Reached skill level 2 in Dodging
  6905 | D:7      | Reached skill level 1 in Air Magic
  6905 | D:7      | Reached skill level 5 in Evocations
  6906 | D:7      | HP: 3/96 [hornet (8)]
  6906 | D:7      | Slain by a hornet

Vanquished Creatures
  A two-headed ogre (D:5)
  Eustachio (D:4)
  A sky beast (D:7)
  Duvessa (D:4)
  A black bear (D:3)
  A phantom (D:5)
  4 scorpions
  A bullfrog (D:6)
  Dowan (D:4)
  A howler monkey (D:6)
  2 orc priests
  3 hounds
  An orc wizard (D:3)
  2 sleepcaps
  3 iguanas
  8 adders
  11 gnolls
  A shadow imp (D:5)
  2 ufetubi (D:6)
  2 worms
  2 dart slugs
  23 orcs
  6 bats
  3 endoplasms
  3 giant cockroaches
  12 goblins
  8 hobgoblins
  7 jackals (D:3)
  7 kobolds
  4 quokkas
  3 ball pythons
  4 frilled lizards
  5 rats
135 creatures vanquished.

Table legend: (Time is in decaauts)
 A = Elapsed time spent in this place.
 B = Non-inter-level travel time spent in this place.
 C = Inter-level travel time spent in this place.
 D = Time resting spent in this place.
 E = Time spent auto-exploring this place.
 F = Levels seen in this place.
 G = Mean time per level.
                   A        B        C        D        E       F      G
               +--------+--------+--------+--------+--------+-----+--------+
         Total |   6889 |   6652 |    237 |    704 |   4700 |   8 |  861.1 |
       Dungeon |   6885 |   6648 |    237 |    704 |   4700 |   7 |  983.6 |
        Temple |      4 |      4 |      0 |      0 |      0 |   1 |    4.0 |
               +--------+--------+--------+--------+--------+-----+--------+

Top non-repeatable levels by time:
     D:3: 1542 daAuts
     D:6: 1322 daAuts
     D:2: 1297 daAuts
     D:5: 978 daAuts
     D:4: 871 daAuts
     D:1: 643 daAuts
     D:7: 229 daAuts
  Temple: 4 daAuts

Table legend:
 A = Non-vault XP
 B = Vault XP
 C = Vault XP percentage of total XP
 D = Non-vault monster count
 E = Vault monster count
 F = Vault count percentage of total count
                 A         B        C        D         E       F
            +---------+---------+-------+---------+---------+-------
      Total |    2565 |     410 |  13.8 |     124 |      11 |   8.1
            +---------+---------+-------+---------+---------+-------
        D:1 |      38 |       0 |   0.0 |      15 |       0 |   0.0
        D:2 |     184 |       0 |   0.0 |      28 |       0 |   0.0
        D:3 |     303 |      17 |   5.3 |      34 |       8 |  19.0
        D:4 |     118 |     393 |  76.9 |      14 |       3 |  17.6
        D:5 |    1308 |       0 |   0.0 |      15 |       0 |   0.0
        D:6 |     435 |       0 |   0.0 |      14 |       0 |   0.0
        D:7 |     179 |       0 |   0.0 |       4 |       0 |   0.0
            +---------+---------+-------+---------+---------+-------
